 Dungeon Crawl Stone Soup version 0.29-a0-314-gb00dd7cb4b (webtiles) character file.

Game seed: 8170572956301406406

45 HotDog the Shield-Bearer (level 3, -2/23 HPs)
             Began as a Gargoyle Fighter on Mar 29, 2022.
             Killed by divine providence
             ... invoked by an orc priest
              (16 damage)
             ... on level 2 of the Dungeon.
             The game lasted 00:02:25 (1317 turns).

HotDog the Shield-Bearer (Gargoyle Fighter)         Turns: 1317, Time: 00:02:26

Health: -2/23      AC: 11    Str: 21    XL:     3   Next: 64%
Magic:  3/3        EV:  9    Int:  8    God:
Gold:   34         SH:  5    Dex:  9    Spells: 2/2 levels left

rFire   . . .      SeeInvis .   a - +0 flail
rCold   . . .      Faith    .   c - +1 buckler
rNeg    + . .      Spirit   .   b - +0 scale mail
rPois   ∞          Reflect  .   e - +0 helmet
rElec   +          Harm     .   (no cloak)
rCorr   .          Rampage  .   (no gloves)
Will    .....                   (no boots)
Stlth   ..........              (no amulet)
HPRegen 0.07/turn               (no ring)
MPRegen 0.08/turn               (no ring)

@: no status effects
A: sickness immunity, AC +3, negative energy resistance 1, electricity
resistance, torment resistance 1, petrification resistance
a: no special abilities


You were on level 2 of the Dungeon.
You visited 1 branch of the dungeon, and saw 2 of its levels.

You collected 34 gold pieces.

Inventory:

Hand Weapons
 a - a +0 flail (weapon)
Armour
 b - a +0 scale mail (worn)
 c - a +1 buckler (worn)
 e - a +0 helmet (worn)
Jewellery
 f - a ring of wizardry
 h - a +4 ring of evasion
Potions
 d - a potion of might
 g - a potion of degeneration {unknown}
 i - a potion of heal wounds
 j - a potion of ambrosia {unknown}
 k - 2 potions of curing {unknown}


   Skills:
 * Level 3.6 Fighting
 * Level 2.5 Maces & Flails
 * Level 3.5 Armour
 * Level 0.5 Dodging
 * Level 3.6 Shields
 * Level 1.1 Invocations


You had 2 spell levels left.
You didn't know any spells.
Your spell library contained the following spells:

 Spells                   Type           Power      Damage    Failure   Level
 Dazzling Flash           Conj/Hex       0%         N/A       99%         3
 Agony                    Necr           0%         N/A       100%        5
 Silence                  Hex/Air        0%         N/A       100%        5


Dungeon Overview and Level Annotations

Branches:
Dungeon (2/15)

Altars:
Makhleb


Innate Abilities, Weirdness & Mutations

You are immune to sickness and miasma.
Your stone body is resilient. (AC +3)
You are immune to poison.
You resist negative energy. (rN+)
You are resistant to electric shocks. (rElec)
You are resistant to unholy torment.
You are immune to petrification.


Message History

You thump the orc!
You kill the orc!
Things that are here:
a +0 hand axe; a +0 ring mail; an orc corpse You start resting.
HP restored.
You start waiting.
Done waiting.
There is a stone staircase leading down here.
You climb downwards.
There is a stone staircase leading up here.
No target in view!
An endoplasm comes into view.
The endoplasm quivers.
An endoplasm is nearby!
You sock the endoplasm!
You kill the endoplasm!
No target in view!
No target in view!
No target in view!
No target in view!
No target in view!
No target in view!
Found a burning altar of Makhleb.
An orc priest comes into view. It is wielding a +0 dagger.
An orc priest is nearby!
The orc priest shouts!
You hear a shout! x2
The orc priest calls down the wrath of Beogh upon you.
You barely resist. You sock the orc priest!
The orc priest is severely wounded.
The orc priest calls down the wrath of Beogh upon you.
Beogh smites you!
You hear a shout! x2
You barely miss the orc priest.
The orc priest is severely wounded.
The orc priest invokes the aid of Beogh against you.
Beogh smites you!
Ouch! That really hurt!
You die...

. #.##.# # ## ..
##.##.###.## [.## ._.
##.........#..# .##
....##...#.#.####.###.[###
..........###<.....#.....
.####...## ##.###.....#
##.## ##.###.#.### ##.##
##o.........#
##.###@#.###.###<#
#..#.##.###.###.##
#.#.###.....o.o..# #.###
#..##..##..# ..#
##..###.##..# ....
.......w....# ..###
#####..o....## ..#
..........## #..
..#.........


You could see an orc priest.

Vanquished Creatures
  An adder (D:2)
  2 dart slugs (D:1)
  An orc (D:1)
  2 bats (D:1)
  3 endoplasms
  A goblin (D:1)
  3 hobgoblins (D:1)
  4 kobolds (D:1)
  2 quokkas (D:1)
  13 frilled lizards (D:1)
  A rat (D:1)
33 creatures vanquished.

Notes
Turn   | Place    | Note
-------+----------+-------------------------------------------
     0 | D:1      | HotDog the Gargoyle Fighter began the quest for the Orb.
     0 | D:1      | Reached XP level 1. HP: 14/14 MP: 1/1
   129 | D:1      | Reached XP level 2. HP: 19/19 MP: 2/2
   337 | D:1      | Reached XP level 3. HP: 23/23 MP: 3/3
   600 | D:1      | Reached skill level 1 in Invocations
  1306 | D:2      | Found a burning altar of Makhleb.
  1317 | D:2      | Killed from afar by an orc priest

Illustrated notes

Levels and vault maps discovered:
D:1:      dpeg_arrival_long_road, layout_basic, minmay_lizard_pond
D:2:      cheibrodos_pilgrimage, layout_loops_corners, basic_altar,
          uniq_crazy_yiuf_cottage

Skill      XL: |  1  2  3 |
---------------+----------+-----
Invocations    | 1 |  1.1
Fighting       | |  3.6
Maces & Flails | |  2.5
Armour         | |  3.5
Dodging        | |  0.5
Shields        | |  3.6

Action                   || total
-------------------------++-------
Melee: Flail             ||   125
  Use: Scroll            ||     4
Armor: Scale mail        ||    63
Dodge: Dodged            ||    60
Block: Buckler           ||    36

Table legend: (Time is in decaauts)
 A = Elapsed time spent in this place.
 B = Non-inter-level travel time spent in this place.
 C = Inter-level travel time spent in this place.
 D = Time resting spent in this place.
 E = Time spent auto-exploring this place.
 F = Levels seen in this place.
 G = Mean time per level.
                   A        B        C        D        E       F      G
               +--------+--------+--------+--------+--------+-----+--------+
         Total |   1359 |   1280 |     79 |    260 |    722 |   2 |  679.5 |
       Dungeon |   1359 |   1280 |     79 |    260 |    722 |   2 |  679.5 |
               +--------+--------+--------+--------+--------+-----+--------+

Top non-repeatable levels by time:
     D:1: 1197 daAuts
     D:2: 162 daAuts
